 Dungeon Crawl Stone Soup version 0.28.0 (webtiles) character file.

Game seed: 3734808952744644371

102 mopl the Caller (level 4, -3/28 (30) HPs)
             Began as a Merfolk Summoner on Feb 14, 2022.
             Killed by a bolt of acid (31 damage)
             ... invoked by the enmity of Fedhas Madash
             ... on level 3 of the Dungeon.
             The game lasted 00:03:47 (3022 turns).

mopl the Caller (Merfolk Summoner)                  Turns: 3022, Time: 00:03:47

HP:   -3/28 (30)    AC:  2    Str:  8      XL:     4   Next: 78%
MP:   8/8           EV: 12    Int: 15 (16) God:
Gold: 144           SH:  0    Dex: 14      Spells: 3/9 levels left

rFire   . . .      SeeInvis .   b - +0 spear
rCold   . . .      Faith    .   (no shield)
rNeg    . . .      Spirit   .   a - +0 robe
rPois   .          Reflect  .   (no helmet)
rElec   .          Harm     .   (no cloak)
rCorr   .          Rampage  .   (no gloves)
Will    .....                   (no boots)
Stlth   ++........              d - amulet of magic regeneration
HPRegen 0.09/turn               (no ring)
MPRegen 0.51/turn               (no ring)

@: drained
A: (nimble swimmer 2), mertail
a: no special abilities


You were on level 3 of the Dungeon.
You visited 1 branch of the dungeon, and saw 3 of its levels.

You collected 144 gold pieces.

Inventory:

Hand Weapons
 b - a +0 spear (weapon)
Armour
 a - a +0 robe (worn)
Jewellery
 d - an amulet of magic regeneration (around neck)
Potions
 f - a potion of haste
 g - a potion of brilliance {unknown}
 h - a potion of ambrosia {unknown}
 i - a potion of attraction {unknown}


   Skills:
 + Level 2.3 Polearms
 - Level 2.6 Dodging
 - Level 2.1 Stealth
 * Level 3.2 Spellcasting
 * Level 4.9 Summonings


You had 3 spell levels left.
You knew the following spells:

 Your Spells              Type           Power      Damage    Failure   Level
a - Summon Small Mammal   Summ           68%        N/A       2%          1
b - Call Imp              Summ           17%        N/A       4%          2
c - Call Canine Familiar  Summ           17%        N/A       8%          3

Your spell library contained the following spells:

 Spells                   Type           Power      Damage    Failure   Level
 Summon Guardian Golem    Hex/Summ       9%         N/A       22%         3
 Summon Lightning Spire   Summ/Air       9%         N/A       56%         4


Dungeon Overview and Level Annotations

Branches:
Dungeon (3/15)

Altars:
Nemelex Xobeh

Annotations:
D:3 exclusion: door


Innate Abilities, Weirdness & Mutations

((You are very nimble when in or above water. (Stealth+, EV+, Speed+++)))
Your lower body shifts to a powerful aquatic tail in water.


Message History

The +1 quarterstaff of speed hits you! The +1 quarterstaff of speed hits you.
There is an open door here.
Casting: Call Canine Familiar (quite dangerous; 8% risk of failure)
Confirm with . or Enter, or press ? or * to list all spells.
The spell is quite dangerous to miscast (8% risk of failure)!
Continue anyway?
The +1 quarterstaff of speed hits you!
Unknown command.
Your hound bites the +1 quarterstaff of speed but does no damage.
The +1 quarterstaff of speed closely misses you.
Unknown command.
You feel yourself speed up.
Your hound bites the +1 quarterstaff of speed.
The +1 quarterstaff of speed is destroyed!
The +0 dire flail of speed hits your hound!
Unknown command.
Your hound bites the +0 dire flail of speed.
The +0 dire flail of speed hits your hound.
Your hound bites the +0 dire flail of speed.
The +0 dire flail of speed completely misses your hound.
Your hound bites the +0 dire flail of speed.
The +0 dire flail of speed is destroyed!
The +1 vorpal dire flail hits your hound.
Your hound dies!
Your hound's corpse disappears in a puff of smoke!
You close the door.
You start resting.
You feel your willpower return.
You start resting.
HP restored.
You see here a ball python skeleton.
Found a stone staircase leading down.
You now have 144 gold pieces (gained 17).
There is a stone staircase leading down here.
Nemelex Xobeh makes you draw from the deck of Punishment.
You draw a card...
You have drawn Wrath.
Fedhas invokes nature against you. The bolt of acid hits you!!
Ouch! That really hurt!
You die...

#.#.##..............#
###.#.##..............# ####
....#.##..............########...
#.###.##...........<..##.........
#.# #.##.....###.#######.........
#.# #.######## #.# #......... #.#
#.# #.# #......... #.# #.# #.#
#......... #.# #.#
#####@#######.......## #.# #.#
#..............)....# #.# #(#
#.##.########.......## #.# #.#
#.#.............†...'# #.# #.#
#.###########.......##
#.###.######.# .........###.#.#
#.##.........# ########.# #.#§#
#.##..######## #.# #.#.# #.##..#
#.###.#.##


You could see the enmity of Fedhas Madash (unaware).

Vanquished Creatures
  A jelly (D:3)
  An adder (D:2)
  A dart slug (D:1)
  5 orcs
  An endoplasm (D:1)
  A quokka (D:2)
  3 ball pythons
  4 bats
  7 kobolds
  4 rats
28 creatures vanquished.

Vanquished Creatures (collateral kills)
  2 dancing weapons (D:3)
  An orc wizard (D:2)
  2 adders (D:3)
  A dart slug (D:3)
  A ball python (D:3)
  An endoplasm (D:2)
  A goblin (D:3)
  A hobgoblin (D:1)
  2 jackals (D:3)
  3 quokkas (D:3)
  2 bats
  A frilled lizard (D:1)
18 creatures vanquished.

Grand Total: 46 creatures vanquished

Notes
Turn   | Place    | Note
-------+----------+-------------------------------------------
     0 | D:1      | mopl the Merfolk Summoner began the quest for the Orb.
     0 | D:1      | Reached XP level 1. HP: 13/13 MP: 3/3
   467 | D:1      | Reached XP level 2. HP: 19/19 MP: 5/5
   470 | D:1      | Learned a level 2 spell: Call Imp
   498 | D:1      | Found a faded altar of an unknown god.
   537 | D:1      | Prayed at the altar of an unknown god.
   537 | D:1      | Became a worshipper of Nemelex Xobeh the Trickster
   537 | D:1      | Reached * piety under Nemelex Xobeh
   537 | D:1      | Received a gift from Nemelex Xobeh
   652 | D:1      | Fell from the grace of Nemelex Xobeh
   873 | D:1      | Reached skill level 1 in Polearms
  1366 | D:2      | Reached XP level 3. HP: 6/24 MP: 4/6
  1892 | D:2      | Learned a level 3 spell: Call Canine Familiar
  2302 | D:3      | Reached skill level 2 in Polearms
  2302 | D:3      | Reached skill level 3 in Spellcasting
  2302 | D:3      | Reached XP level 4. HP: 30/30 MP: 8/8
  2731 | D:3      | Noticed a +0 dire flail of speed
  2731 | D:3      | Noticed a +2 broad axe of electrocution
  2731 | D:3      | Noticed a +1 vorpal dire flail
  2731 | D:3      | Noticed a +4 glaive of speed
  2731 | D:3      | Noticed a +1 quarterstaff of speed
  2738 | D:3      | Killed a +1 quarterstaff of speed
  2740 | D:3      | Killed a +0 dire flail of speed
  3022 | D:3      | Killed by a bolt of acid

Illustrated notes

Levels and vault maps discovered:
D:1:      roderic_chinese_lattice_arrival, layout_loops_ring,
          chequers_ecumenical_altar_simple
D:2:      layout_basic, minmay_pentomino_v4
D:3:      layout_basic, grunt_ministairs_14, uniq_natasha

Skill      XL: |  1  2  3 |
---------------+----------+-----
Polearms       | 1 2 |  2.3
Spellcasting   | 3 |  3.2
Dodging        | |  2.6
Stealth        | |  2.1
Summonings     | |  4.9

Action                   |  1- 3 |  4- 6 || total
-------------------------+-------+-------++-------
Melee: Spear             |   100 |    26 ||   126
       Unarmed           |     4 |       ||     4
       Punch             |     1 |     1 ||     2
 Cast: Summon Small Mamm |     2 |       ||     2
       Call Imp          |    13 |     2 ||    15
       Call Canine Famil |     2 |     3 ||     5
Invok: Renounce Religion |     1 |       ||     1
  Use: Potion            |     1 |       ||     1
       Scroll            |       |     2 ||     2
 Stab: Sleeping          |     6 |     1 ||     7
       Distracted        |     1 |       ||     1
Armor: Robe              |    13 |     1 ||    14
       Skin              |    33 |       ||    33
Dodge: Dodged            |    46 |    18 ||    64
